 Dungeon Crawl Stone Soup version 0.23-a0-650-ga4d50d4 (webtiles) character file.

133 Lilu the Covered (level 4, -4/41 HPs)
             Began as a Minotaur Fighter on Jan 4, 2019.
             Slain by Sigmund
             ... wielding a +0 scythe of protection
              (8 damage)
             ... on level 2 of the Dungeon.
             The game lasted 00:02:36 (1004 turns).

Lilu the Covered (Minotaur Fighter)                 Turns: 1004, Time: 00:02:36

Health: -4/41      AC: 11    Str: 21    XL:     4   Next: 93%
Magic:  3/3        EV:  7    Int:  5    God:
Gold:   28         SH:  0    Dex: 10    Spells: 3/3 levels left

rFire    . . .     SeeInvis .   a - +0 flail
rCold    . . .     Gourm    .   c - +0 shield
rNeg     . . .     Faith    .   k - +4 scale mail
rPois    +         Spirit   .   (helmet restricted)
rElec    .         Reflect  .   (no cloak)
rCorr    .         Harm     .   (no gloves)
MR       .....                  (no boots)
Stlth    ..........             (no amulet)
HPRegen  0.13/turn              m - ring of poison resistance
MPRegen  0.08/turn              (no ring)

@: confused
A: retaliatory headbutt, horns 2
a: no special abilities


You were on level 2 of the Dungeon.
You were hungry.

You visited 1 branch of the dungeon, and saw 2 of its levels.

You collected 28 gold pieces.

Inventory:

Hand Weapons
 a - a +0 flail (weapon)
Armour
 c - a +0 shield (worn)
 k - a +4 scale mail (worn)
Jewellery
 m - a ring of poison resistance (left hand)
Scrolls
 b - a scroll of immolation {unknown}
 e - 2 scrolls of remove curse {unknown}
 h - 2 scrolls of teleportation {unknown}
 i - 4 scrolls of identify {unknown}
 j - a scroll of fear {unknown}
 l - a scroll of amnesia {unknown}
 n - a scroll of magic mapping {unknown}
 p - a scroll of enchant armour {unknown}
Potions
 d - a potion of might
 o - a potion of curing {unknown}
Comestibles
 f - a ration


   Skills:
 + Level 4.6 Fighting
 + Level 3.7 Maces & Flails
 + Level 4.6 Armour
 + Level 4.6 Shields


You had 3 spell levels left.
You didn't know any spells.
Your spell library was empty.

Dungeon Overview and Level Annotations

Branches:
Dungeon (2/15)

Altars:

Annotations:
D:2 Sigmund


Innate Abilities, Weirdness & Mutations

You reflexively headbutt those who attack you in melee.
You have a pair of horns on your head.


Message History

You are confused.
You bump into the rock wall.
A puff of flame appears from out of thin air!
The puff of flame hits you!
You bump into the rock wall.
You bump into the rock wall.
You hear some strange, mumbled words.
You are more confused.
You hear some strange, mumbled words.
Something tries to affect you, but you resist.
You bump into the rock wall.
Something hits you.
You're too confused to move!
Something hits you.
You closely miss something. Your headbutt misses something. Something hits you!
* * * LOW HITPOINT WARNING * * *
You bump into the rock wall.
You bump into the rock wall.
You hear some strange, mumbled words.
You are more confused.
You're too confused to move!
Something hits you!
You die...

#.#####............#
#............#####.#
#######.##.### .#
#.##...# #.####.#
#.# #.# ### #.# #.#
#..... #{# #.#
#.##.# #@# #.#
#.#..##
#####.####.##
#.#..P#
#...........#
#.#..≈≈
#.###.####..#
#.#P≈≈P #<#
#.####..####.#.÷≈≈
#.#
#..........)..P≈(≈
#.#
######..####<#.P≈)
#.# ####..####.#....
#.# #.....#..).###..


There were no monsters in sight!

Vanquished Creatures
  A phantom (D:2)
  An ooze (D:1)
  A worm (D:1)
  4 dart slugs
  A leopard gecko (D:1)
  2 goblins (D:2)
  8 hobgoblins
  4 jackals (D:2)
  A quokka (D:2)
  6 bats
  A frilled lizard (D:1)
  3 kobolds
  A rat (D:1)
34 creatures vanquished.

Vanquished Creatures (others)
  A plant (D:2)
1 creature vanquished.

Grand Total: 35 creatures vanquished

Notes
Turn   | Place    | Note
-------+----------+-------------------------------------------
     0 | D:1      | Lilu the Minotaur Fighter began the quest for the Orb.
     0 | D:1      | Reached XP level 1. HP: 19/19 MP: 0/0
   256 | D:1      | Reached XP level 2. HP: 27/27 MP: 1/1
   545 | D:1      | Reached XP level 3. HP: 28/33 MP: 2/2
   886 | D:2      | Noticed a phantom
   910 | D:2      | Killed a phantom
   910 | D:2      | Reached XP level 4. HP: 35/41 MP: 3/3
   957 | D:2      | Noticed Sigmund
  1004 | D:2      | Slain by Sigmund

Vault maps used:
D:1:      evilmike_arrival_run_for_it
D:2:      nicolae_overflow_crystal_walls, serial_bayou, serial_bayou_pond_c,
          serial_bayou_pond_b, serial_bayou_lake_a, serial_bayou_pond_c,
          uniq_sigmund

Skill      XL: |  1  2 |
---------------+-------+-----
Armour         | 4 |  4.6
Fighting       | 4 |  4.6
Shields        | 4 |  4.6
Maces & Flails | 3 |  3.7

Action                   |  1- 3 |  4- 6 || total
-------------------------+-------+-------++-------
Melee: Flail             |    99 |     9 ||   108
       Headbutt          |    17 |     1 ||    18
Armor: Scale mail        |    53 |     3 ||    56
Dodge: Dodged            |    27 |       ||    27
Block: Shield            |    49 |     1 ||    50

Table legend:
 A = Non-vault XP
 B = Vault XP
 C = Vault XP percentage of total XP
 D = Non-vault monster count
 E = Vault monster count
 F = Vault count percentage of total count
                 A         B        C        D         E       F
            +---------+---------+-------+---------+---------+-------
      Total |     182 |       8 |   4.2 |      31 |       3 |   8.8
            +---------+---------+-------+---------+---------+-------
        D:1 |      36 |       5 |  12.2 |      17 |       1 |   5.6
        D:2 |     146 |       3 |   2.0 |      14 |       2 |  12.5
            +---------+---------+-------+---------+---------+-------
